 Dungeon Crawl Stone Soup version 0.28-a0-1624-g820543e53a (webtiles) character file.

Game seed: 7390389853266853501

56 innerfire433 the Skirmisher (level 4, -1/36 HPs)
             Began as a Djinni Cinder Acolyte on Jan 23, 2022.
             Was a High Priest of Ignis.
             Slain by a gnoll (3 damage)
             ... on level 2 of the Dungeon.
             The game lasted 00:02:59 (1061 turns).

innerfire433 the Skirmisher (Djinni Cinder Acolyte) Turns: 1061, Time: 00:03:00

Health: -1/36      AC: 10    Str: 15    XL:     4   Next: 15%
Gold:   34         EV: 11    Int: 15    God:    Ignis [*****.] SH:  0 Dex:  9

rFire   + + +      SeeInvis .   a - -1 falchion (flame)
rCold   x . .      Faith    .   (no shield)
rNeg    . . .      Spirit   .   b - +0 robe
rPois   ∞          Reflect  .   d - +1 hat
rElec   .          Harm     .   (no cloak)
rCorr   .          Rampage  .   (no gloves)
Will    .....                   (boots unavailable)
Stlth   +.........              (no amulet)
HPRegen 0.12/turn               (no ring)
MPRegen 0.00/turn               (no ring)

@: fiery-armoured, flying
A: sickness immunity, fire resistance 2, cold vulnerability 1, float, innate
caster, hp casting, extra vitality 1
a: Renounce Religion, Fiery Armour, Foxfire Swarm, Rising Flame


You were on level 2 of the Dungeon.
You worshipped Ignis.
Ignis was extremely pleased with you.
You visited 1 branch of the dungeon, and saw 2 of its levels.

You collected 34 gold pieces.

Inventory:

Hand Weapons
 a - a -1 falchion of flaming (weapon)
Armour
 b - a +0 robe (worn)
 d - a +1 hat (worn)
Scrolls
 c - a scroll of fear {unknown}
Potions
 e - a potion of lignification {unknown}
 f - a potion of brilliance {unknown}


   Skills:
 + Level 3.6 Fighting
 + Level 3.3 Long Blades
 + Level 2.9 Spellcasting


You had 5 spell levels left.
You knew the following spells:

 Your Spells              Type           Power      Damage    Failure   Level
a - Scorch                Fire           20%        2d6       10%         2
b - Beastly Appendage     Tmut           20%        N/A       6%          1
Your spell library was empty.

Dungeon Overview and Level Annotations

Branches:
Dungeon (2/15)

Altars:

Annotations:
D:2 Terence


Innate Abilities, Weirdness & Mutations

You are immune to sickness and miasma.
You are immune to poison.
Your flesh is very heat resistant. (rF++)
You are vulnerable to cold. (rC-)
You float through the air rather than walking.
You learn spells naturally, not from books.
Your magical power is your life essence.
You have superior vitality. (+4 MHP)


Message History

Terence is severely wounded.
The gnoll closely misses you. Terence barely misses you.
The gnoll hits you from afar with a +0 spear.
You hit Terence but do no damage.
Terence is severely wounded.
The gnoll closely misses you. The gnoll hits you with a +0 club.
The gnoll is burned by your cloak of flames.
The gnoll is moderately wounded.
Terence shouts, "ATTACK!!!"
Terence barely misses you. The gnoll barely misses you.
You hit Terence but do no damage. Your punch misses Terence.
Terence is severely wounded.
The gnoll hits you but does no damage. The gnoll closely misses you.
Terence closely misses you. The gnoll closely misses you.
You hit Terence but do no damage.
Terence is severely wounded.
The gnoll barely misses you. The gnoll hits you with a +0 club.
The gnoll is burned by your cloak of flames.
The gnoll is heavily wounded.
Terence looks scornfully at you. Terence barely misses you.
The gnoll hits you but does no damage. The gnoll barely misses you.
Casting: Beastly Appendage (safe; 6% risk of failure)
Confirm with . or Enter, or press ? or * to list all spells.
Flames lash the gnoll.
The gnoll is moderately wounded.
The gnoll's fire resistance burns away.
The gnoll closely misses you.
Terence hits you with a +2 flail of protection.
* * * LOW HITPOINT WARNING * * *
The gnoll barely misses you. The gnoll hits you but does no damage.
The gnoll hits you from afar with a +0 spear.
* * * LOW HITPOINT WARNING * * *
The gnoll hits you but does no damage.
The gnoll is burned by your cloak of flames.
You kill the gnoll!
You have reached level 4!
You feel agile.
The gnoll is no longer more vulnerable to fire.
The gnoll hits you from afar with a +0 spear.
You die...

.. ... !...
########..#.
#..@@.......
#(..##)...#.(.
#.# #gg..# ..
#....# #
#)...#
#......#
#........
..###..#. #..
....


You could see Terence and 2 gnolls.

Vanquished Creatures
  A gnoll (D:2)
  5 dart slugs (D:1)
  4 endoplasms
  2 giant cockroaches (D:1)
  2 goblins (D:1)
  2 hobgoblins (D:1)
  2 jackals (D:1)
  2 quokkas (D:1)
  A ball python (D:1)
  5 bats
  A frilled lizard (D:1)
  6 kobolds
  3 rats (D:1)
36 creatures vanquished.

Notes
Turn   | Place    | Note
-------+----------+-------------------------------------------
     0 | D:1      | innerfire433 the Djinni Cinder Acolyte began the quest for
                  | the Orb.
     0 | D:1      | Reached XP level 1. HP: 20/20 MP: 0/0
    48 | D:1      | Reached XP level 2. HP: 25/25 MP: 0/0
    91 | D:1      | Found a faded altar of an unknown god.
   261 | D:1      | Reached XP level 3. HP: 27/30 MP: 0/0
   261 | D:1      | Learned a level 1 spell: Beastly Appendage
  1039 | D:2      | Noticed Terence
  1058 | D:2      | HP: 1/30 [gnoll (5)]
  1061 | D:2      | Reached XP level 4. HP: 2/36 MP: 0/0
  1061 | D:2      | Slain by a gnoll

Illustrated notes

Levels and vault maps discovered:
D:1:      onia_arrival_mini_spirals, layout_loops_ring,
          hellmonk_ecumenical_altar_run_dry, grunt_decor_resistance
D:2:      layout_rooms, uniq_robin, uniq_terence

Skill      XL: |  1  2 |
---------------+-------+-----
Long Blades    | 3 |  3.3
Fighting       | |  3.6
Spellcasting   | |  2.9

Action                   |  1- 3 |  4- 6 || total
-------------------------+-------+-------++-------
Melee: Falchion          |   101 |       ||   101
       Punch             |     2 |       ||     2
 Cast: Beastly Appendage |     1 |       ||     1
       Scorch            |     1 |       ||     1
Invok: Fiery Armour      |     1 |       ||     1
 Stab: Sleeping          |     1 |       ||     1
Armor: Robe              |    45 |       ||    45
Dodge: Dodged            |    74 |       ||    74

Table legend: (Time is in decaauts)
 A = Elapsed time spent in this place.
 B = Non-inter-level travel time spent in this place.
 C = Inter-level travel time spent in this place.
 D = Time resting spent in this place.
 E = Time spent auto-exploring this place.
 F = Levels seen in this place.
 G = Mean time per level.
                   A        B        C        D        E       F      G
               +--------+--------+--------+--------+--------+-----+--------+
         Total |   1075 |   1046 |     29 |      0 |    836 |   2 |  537.5 |
       Dungeon |   1075 |   1046 |     29 |      0 |    836 |   2 |  537.5 |
               +--------+--------+--------+--------+--------+-----+--------+

Top non-repeatable levels by time:
     D:1: 1051 daAuts
     D:2: 23 daAuts
